ORI
UNIVERSITY OF FLORIDA GATORS @ UNIVERSITY OF MAINE BLACK BEARS
09/02/2044
 
TOP OF THE 1ST
University of Florida Gators batting - Pitching for University of Maine Black Bears : RHP Mark Frizzell
Pitching: RHP Mark Frizzell
Batting: RHB Antonio Honorato 0-0: Ground out 1-3 (Groundball, 15, EV 74.4 MPH)
Batting: RHB Tim Dower 0-0: Ball
1-0: SINGLE (Groundball, 6MD, EV 99.4 MPH)
Batting: LHB Tomas Espino 0-0: Foul Ball, location: 2F
0-1: Foul Ball, location: 2F
0-2: Foul Ball, location: 2F
0-2: Fly out, F2 (Popup, 23F, EV 79.4 MPH)
Batting: LHB Carlos Palau 0-0: Ball
1-0: SINGLE (Line Drive, 9S, EV 100.0 MPH)
Tim Dower to second
Runner from 2nd tries for 3rd, SAFE, throw by RF made to third
Batting: RHB Adrian Cox 0-0: Ball
1-0: Fly out, F8 (Flyball, 8LXD, EV 93.1 MPH)
Top of the 1st over - 0 runs, 2 hits, 0 errors, 2 left on base; University of Florida 0 - University of Maine 0
BOTTOM OF THE 1ST
University of Maine Black Bears batting - Pitching for University of Florida Gators : RHP Marty Jackson
Pitching: RHP Marty Jackson
Batting: RHB Wataru Tani 0-0: Swinging Strike
0-1: Bunt missed!
0-2: Foul Ball, location: 2F
0-2: DOUBLE (Groundball, 5L, EV 93.8 MPH)
Batting: RHB Kenny Thissen 0-0: Called Strike
0-1: Ball
1-1: Foul Ball, location: 2F
1-2: Ball
2-2: Ball
3-2: Foul Ball, location: 2F
3-2: SINGLE (Groundball, 56, EV 110.0 MPH) (infield hit)
Wataru Tani to third
Batting: SHB Carlos Carrillo 0-0: Called Strike
0-1: Ball
1-1: Ball
2-1: Fielders Choice at 2nd, 1-6 (Groundball, 34S, EV 70.6 MPH)
Batting: RHB Alvin Garcia 0-0: Called Strike
0-1: Foul Ball, location: 2F
0-2: Ball
1-2: Ball
2-2: Ball
3-2: SINGLE (Line Drive, 34D, EV 96.9 MPH)
Wataru Tani scores
Carlos Carrillo to second
Runner from 2nd tries for 3rd, SAFE, throw by RF made to third
Batting: RHB Juan Bonilla 0-0: Ball
1-0: Ball
2-0: Fly out, F9 (Flyball, 9, EV 94.4 MPH)
Runner from 3rd tags up, SCORES, throw by RF
Batting: RHB Ruben Domingues 0-0: Called Strike
0-1: Fly out, F7 (Line Drive, 7, EV 87.5 MPH)
Bottom of the 1st over - 2 runs, 3 hits, 0 errors, 1 left on base; University of Florida 0 - University of Maine 2
TOP OF THE 2ND
University of Florida Gators batting - Pitching for University of Maine Black Bears : RHP Mark Frizzell
Batting: SHB Edgar Dominguez 0-0: Foul Ball, location: 2F
0-1: Ball
1-1: Ball
2-1: Ball
3-1: Base on Balls
Batting: RHB Kyle Horne 0-0: Ball
1-0: SINGLE (Groundball, 56S, EV 75.0 MPH) (infield hit)
Edgar Dominguez to second
Batting: RHB Jorge Lagunas 0-0: Ball
1-0: Called Strike
1-1: SINGLE (Line Drive, 7S, EV 95.6 MPH)
Edgar Dominguez to third
Kyle Horne to second
Batting: RHB Eddie Luna 0-0: Fly out, F6 (Line Drive, 6, EV 66.9 MPH)
Batting: RHB Antonio Honorato 0-0: Ball
1-0: Ball
2-0: Ball
3-0: Called Strike
3-1: Foul Ball, location: 2F
3-2: Grounds into double play, 5-4-3 (Groundball, 56S, EV 78.8 MPH)
Top of the 2nd over - 0 runs, 2 hits, 0 errors, 2 left on base; University of Florida 0 - University of Maine 2
BOTTOM OF THE 2ND
University of Maine Black Bears batting - Pitching for University of Florida Gators : RHP Marty Jackson
Batting: RHB Clark Meagher 0-0: SINGLE (Groundball, 56D, EV 100.0 MPH)
Batting: LHB Jose Simental 0-0: Called Strike
0-1: Ball
1-1: Fly out, F4 (Line Drive, 4, EV 68.8 MPH)
Batting: LHB Jeremy Nuzzo 0-0: Fly out, F5 (Popup, 5SF, EV 63.8 MPH)
Batting: RHB Wataru Tani 0-0: Ball
1-0: Ball
2-0: Fielders Choice at 2nd, 6-4 (Groundball, 6, EV 101.2 MPH)
Bottom of the 2nd over - 0 runs, 1 hit, 0 errors, 1 left on base; University of Florida 0 - University of Maine 2
TOP OF THE 3RD
University of Florida Gators batting - Pitching for University of Maine Black Bears : RHP Mark Frizzell
Batting: RHB Tim Dower 0-0: Ball
1-0: Called Strike
1-1: Foul Ball, location: 2F
1-2: Foul Ball, location: 2F
1-2: Ball
2-2: Ground out 4-3 (Groundball, 4, EV 103.1 MPH)
Batting: LHB Tomas Espino 0-0: Foul Ball, location: 2F
0-1: Foul Ball, location: 2F
0-2: Strikes out swinging
Batting: LHB Carlos Palau 0-0: Ball
1-0: Ball
2-0: Ball
3-0: Base on Balls
Batting: RHB Adrian Cox 0-0: Called Strike
0-1: Ball
1-1: Foul Ball, location: 2F
1-2: Foul Ball, location: 2F
1-2: Strikes out looking
Top of the 3rd over - 0 runs, 0 hits, 0 errors, 1 left on base; University of Florida 0 - University of Maine 2
BOTTOM OF THE 3RD
University of Maine Black Bears batting - Pitching for University of Florida Gators : RHP Marty Jackson
Batting: RHB Kenny Thissen 0-0: Ball
1-0: Called Strike
1-1: Foul Ball, location: 2F
1-2: Ball
2-2: Ball
3-2: DOUBLE (Line Drive, 9LS, EV 110.0 MPH)
Batting: SHB Carlos Carrillo 0-0: Ball
1-0: Ball
2-0: Ball
3-0: Base on Balls
Batting: RHB Alvin Garcia 0-0: Ball
1-0: Ball
2-0: Ball
3-0: Called Strike
3-1: Called Strike
3-2: Foul Ball, location: 2F
3-2: Strikes out swinging
Batting: RHB Juan Bonilla 0-0: Ball
1-0: Foul Ball, location: 2F
1-1: Ground out 5-3 (Groundball, 5L, EV 104.4 MPH)
Kenny Thissen to third
Carlos Carrillo to second
Batting: RHB Ruben Domingues 0-0: Swinging Strike
0-1: Ball
1-1: Ground out 6-3 (Groundball, 6, EV 101.2 MPH)
Bottom of the 3rd over - 0 runs, 1 hit, 0 errors, 2 left on base; University of Florida 0 - University of Maine 2
TOP OF THE 4TH
University of Florida Gators batting - Pitching for University of Maine Black Bears : RHP Mark Frizzell
Batting: SHB Edgar Dominguez 0-0: Ground out U3 (Groundball, 3, EV 84.4 MPH)
Batting: RHB Kyle Horne 0-0: Ball
1-0: Swinging Strike
1-1: Ball
2-1: Foul Ball, location: 2F
2-2: Strikes out swinging
Batting: RHB Jorge Lagunas 0-0: Foul Ball, location: 2F
0-1: Ball
1-1: Called Strike
1-2: Foul Ball, location: 2F
1-2: Foul Ball, location: 2F
1-2: Foul Ball, location: 2F
1-2: Foul Ball, location: 2F
1-2: Ball
2-2: Strikes out swinging
Top of the 4th over - 0 runs, 0 hits, 0 errors, 0 left on base; University of Florida 0 - University of Maine 2
BOTTOM OF THE 4TH
University of Maine Black Bears batting - Pitching for University of Florida Gators : RHP Marty Jackson
Batting: RHB Clark Meagher 0-0: Called Strike
0-1: Ball
1-1: Ground out 4-3 (Groundball, 4M, EV 98.8 MPH)
Batting: LHB Jose Simental 0-0: Called Strike
0-1: Ball
1-1: Foul Ball, location: 2F
1-2: Ground out 6-3 (Groundball, 6M, EV 81.2 MPH)
Batting: LHB Jeremy Nuzzo 0-0: Ground out 4-3 (Groundball, 4, EV 78.1 MPH)
Bottom of the 4th over - 0 runs, 0 hits, 0 errors, 0 left on base; University of Florida 0 - University of Maine 2
TOP OF THE 5TH
University of Florida Gators batting - Pitching for University of Maine Black Bears : RHP Mark Frizzell
Batting: RHB Eddie Luna 0-0: Ball
1-0: SINGLE (Groundball, 4D, EV 94.4 MPH)
Batting: RHB Antonio Honorato 0-0: Ball
1-0: Grounds into double play, 5-4-3 (Groundball, 56S, EV 82.5 MPH)
Batting: RHB Tim Dower 0-0: Called Strike
0-1: Ground out 2-3 (Groundball, 2R, EV 73.1 MPH)
Top of the 5th over - 0 runs, 1 hit, 0 errors, 0 left on base; University of Florida 0 - University of Maine 2
BOTTOM OF THE 5TH
University of Maine Black Bears batting - Pitching for University of Florida Gators : RHP Marty Jackson
Batting: RHB Wataru Tani 0-0: Called Strike
0-1: Ball
1-1: Called Strike
1-2: Ball
2-2: SINGLE (Groundball, 6MD, EV 100.0 MPH)
Batting: RHB Kenny Thissen 0-0: Fly out, F9 (Flyball, 9S, EV 86.2 MPH)
Batting: SHB Carlos Carrillo 0-0: Ball
Wataru Tani steals 2nd base
1-0: Ball
2-0: Ball
3-0: Base on Balls
Pitching: LHP Tony Gutierrez
Batting: RHB Alvin Garcia 0-0: Called Strike
0-1: Swinging Strike
0-2: Foul Ball, location: 2F
0-2: Ball
1-2: Strikes out swinging
Batting: RHB Juan Bonilla 0-0: Ball
1-0: Called Strike
1-1: Called Strike
1-2: Strikes out swinging
Bottom of the 5th over - 0 runs, 1 hit, 0 errors, 2 left on base; University of Florida 0 - University of Maine 2
TOP OF THE 6TH
University of Florida Gators batting - Pitching for University of Maine Black Bears : RHP Mark Frizzell
Batting: LHB Tomas Espino 0-0: Ball
1-0: Ball
2-0: Ball
3-0: Base on Balls
Batting: LHB Carlos Palau 0-0: SINGLE (Groundball, 6MD, EV 95.0 MPH)
Tomas Espino to second
Runner from 2nd tries for 3rd, SAFE, throw by CF made to third
Batting: RHB Adrian Cox 0-0: Ball
1-0: Foul Ball, location: 2F
1-1: Foul Ball, location: 2F
1-2: Foul Ball, location: 2F
1-2: Ball
2-2: Foul Ball, location: 2F
2-2: Strikes out looking
Pitching: RHP Rafael Mosquera
Batting: SHB Edgar Dominguez 0-0: Called Strike
0-1: Ball
1-1: Called Strike
1-2: Foul Ball, location: 2F
1-2: Foul Ball, location: 2F
1-2: Strikes out swinging
Pinch Hitting: RHB Vince Krogmeier 0-0: Called Strike
0-1: Ball
1-1: Ball
Wild Pitch!
Tomas Espino scores
Carlos Palau to second
2-1: Ball
3-1: Called Strike
3-2: SINGLE (Groundball, 4MD, EV 95.0 MPH)
Carlos Palau to third
Runner from 3rd tries for Home, throw by CF and OUT! 8-2
Top of the 6th over - 1 run, 2 hits, 0 errors, 1 left on base; University of Florida 1 - University of Maine 2
BOTTOM OF THE 6TH
University of Maine Black Bears batting - Pitching for University of Florida Gators : LHP Tony Gutierrez
Now at 2B: Victor Robledo
Batting: RHB Ruben Domingues 0-0: Foul Ball, location: 2F
0-1: Ball
1-1: SINGLE (Groundball, 4M, EV 82.5 MPH) (infield hit)
Batting: RHB Clark Meagher 0-0: Swinging Strike
0-1: Swinging Strike
0-2: Ball
1-2: Ball
2-2: Strikes out swinging
Batting: LHB Jose Simental 0-0: Ball
1-0: Ball
2-0: Swinging Strike
2-1: Ball
3-1: Base on Balls
Ruben Domingues to second
Batting: LHB Jeremy Nuzzo 0-0: Swinging Strike
0-1: Ball
1-1: Foul Ball, location: 2F
1-2: Foul Ball, location: 2F
1-2: Ball
2-2: Ball
3-2: Base on Balls
Ruben Domingues to third
Jose Simental to second
Batting: RHB Wataru Tani 0-0: Ball
1-0: SINGLE (Groundball, 6, EV 78.1 MPH) (infield hit)
Ruben Domingues scores
Jose Simental to third
Jeremy Nuzzo to second
Batting: RHB Kenny Thissen 0-0: Ball
1-0: Ball
2-0: Ball
3-0: Base on Balls
Jose Simental scores
Jeremy Nuzzo to third
Wataru Tani to second
Batting: SHB Carlos Carrillo 0-0: Foul Ball, location: 2F
0-1: Foul Ball, location: 2F
0-2: Ball
1-2: Ball
2-2: Grounds into fielders choice 4-2 (Groundball, 4, EV 91.2 MPH)
Wataru Tani to third
Kenny Thissen to second
Batting: RHB Alvin Garcia 0-0: Foul Ball, location: 2F
0-1: GRAND SLAM HOME RUN (Flyball, 78XD, EV 109.4 MPH), Distance : 416 ft
Pitching: LHP Justin Fulmer
Batting: RHB Juan Bonilla 0-0: Reached on error, E6 (Groundball, 6S, EV 88.8 MPH)
Batting: RHB Ruben Domingues 0-0: 2-RUN HOME RUN (Flyball, 7D, EV 95.0 MPH), Distance : 385 ft
Batting: RHB Clark Meagher 0-0: Called Strike
0-1: Foul Ball, location: 2F
0-2: Strikes out swinging
Bottom of the 6th over - 8 runs, 4 hits, 1 error, 0 left on base; University of Florida 1 - University of Maine 10
TOP OF THE 7TH
University of Florida Gators batting - Pitching for University of Maine Black Bears : RHP Rafael Mosquera
Batting: RHB Jorge Lagunas 0-0: Called Strike
0-1: Foul Ball, location: 2F
0-2: Foul Ball, location: 2F
0-2: Ball
1-2: Foul Ball, location: 2F
1-2: Fly out, F9 (Flyball, 89D, EV 86.2 MPH)
Pinch Hitting: RHB Troy Morin 0-0: Called Strike
0-1: Called Strike
0-2: Ball
1-2: Strikes out looking
Pinch Hitting: RHB Amare Brown 0-0: Ball
1-0: Ball
2-0: Ball
3-0: Called Strike
3-1: Base on Balls
Batting: RHB Tim Dower 0-0: Fly out, F8 (Flyball, 8LD, EV 95.6 MPH)
Top of the 7th over - 0 runs, 0 hits, 0 errors, 1 left on base; University of Florida 1 - University of Maine 10
BOTTOM OF THE 7TH
University of Maine Black Bears batting - Pitching for University of Florida Gators : LHP Justin Fulmer
Now at 3B: Amare Brown
Now at SS: Joaquin Soto
Batting: LHB Jose Simental 0-0: Called Strike
0-1: Swinging Strike
0-2: Foul Ball, location: 2F
0-2: Strikes out swinging
Batting: LHB Jeremy Nuzzo 0-0: Ball
1-0: Ball
2-0: Ball
3-0: Base on Balls
Pinch Hitting: LHB Bobby Finn 0-0: Ball
1-0: Swinging Strike
1-1: Foul Ball, location: 2F
1-2: Fielders Choice at 2nd, 4-6 (Groundball, P, EV 86.9 MPH)
Pinch Hitting: SHB Lazaro Tovar 0-0: Ball
1-0: Called Strike
1-1: Called Strike
1-2: Foul Ball, location: 2F
1-2: Fly out, F7 (Flyball, 7LS, EV 89.4 MPH)
Bottom of the 7th over - 0 runs, 0 hits, 0 errors, 1 left on base; University of Florida 1 - University of Maine 10
TOP OF THE 8TH
University of Florida Gators batting - Pitching for University of Maine Black Bears : RHP Rafael Mosquera
Now at 2B: Clark Meagher
Now at 3B: Lazaro Tovar
Now in LF: Ignacio Zapata
Now in CF: Ruben Domingues
Batting: LHB Tomas Espino 0-0: Called Strike
0-1: Ball
1-1: Swinging Strike
1-2: Foul Ball, location: 2F
1-2: Ball
2-2: Foul Ball, location: 2F
2-2: Ball
3-2: Foul Ball, location: 2F
3-2: SOLO HOME RUN (Flyball, 7LD, EV 97.5 MPH), Distance : 362 ft
Pitching: RHP Manabu Takei
Batting: LHB Carlos Palau 0-0: SOLO HOME RUN (Flyball, 9D, EV 97.5 MPH), Distance : 392 ft
Pinch Hitting: RHB Troy Bush 0-0: Ball
1-0: SINGLE (Line Drive, 8RS, EV 110.0 MPH)
Batting: SHB Edgar Dominguez 0-0: Ball
1-0: Ball
2-0: Ball
3-0: Base on Balls
Troy Bush to second
Pinch Hitting: RHB Ricky Mejicanos 0-0: Fielders Choice at 3rd, U5 (Groundball, 5L, EV 100.0 MPH)
Edgar Dominguez to second
Pinch Hitting: LHB Alfonso Flores 0-0: Swinging Strike
0-1: Swinging Strike
0-2: Strikes out looking
Pinch Hitting: RHB Jon Ecker 0-0: Ball
1-0: Ball
2-0: Ball
3-0: Called Strike
3-1: Swinging Strike
3-2: Fly out, F8 (Flyball, 8LXD, EV 97.5 MPH)
Top of the 8th over - 2 runs, 3 hits, 0 errors, 2 left on base; University of Florida 3 - University of Maine 10
BOTTOM OF THE 8TH
University of Maine Black Bears batting - Pitching for University of Florida Gators : LHP Justin Fulmer
Now at 1B: Troy Bush
Now at 2B: Hsueh-liang Hor
Now at SS: Seung-hyeon Yi
Now in LF: Carlos Palau
Now in RF: Ricky Mejicanos
Batting: SHB Carlos Carrillo 0-0: Ball
1-0: Called Strike
1-1: SINGLE (Groundball, 34D, EV 105.6 MPH)
Pinch Hitting: RHB Carlos Luna 0-0: Ball
1-0: Called Strike
1-1: Fielders Choice at 2nd, 5-4 (Groundball, 56, EV 100.0 MPH)
Batting: RHB Juan Bonilla 0-0: Ball
1-0: Ball
2-0: Called Strike
2-1: Ball
3-1: SINGLE (Flyball, 34D, EV 85.6 MPH)
Carlos Luna to second
Batting: RHB Ruben Domingues 0-0: Swinging Strike
0-1: Ball
1-1: Ball
2-1: Swinging Strike
2-2: Ball
3-2: Fly out, F9 (Flyball, 9LM, EV 108.1 MPH)
Batting: RHB Clark Meagher 0-0: Called Strike
0-1: Swinging Strike
0-2: Ball
1-2: Strikes out swinging
Bottom of the 8th over - 0 runs, 2 hits, 0 errors, 2 left on base; University of Florida 3 - University of Maine 10
TOP OF THE 9TH
University of Florida Gators batting - Pitching for University of Maine Black Bears : RHP Manabu Takei
Now at 1B: Jesus Escobedo
Pinch Hitting: RHB Seth Oliphant 0-0: Called Strike
0-1: Ball
1-1: Ground out 5-3 (Groundball, 56, EV 81.2 MPH)
Pinch Hitting: SHB Rich Hood 0-0: Foul Ball, location: 2F
0-1: Swinging Strike
0-2: Ball
1-2: Foul Ball, location: 2F
1-2: Strikes out swinging
Batting: LHB Tomas Espino 0-0: Ball
1-0: Ball
2-0: Foul Ball, location: 2F
2-1: Foul Ball, location: 2F
2-2: Foul Ball, location: 2F
2-2: Ball
3-2: Foul Ball, location: 2F
3-2: Foul Ball, location: 2F
3-2: DOUBLE (Flyball, 89D, EV 111.2 MPH)
Batting: LHB Carlos Palau 0-0: Ball
1-0: SINGLE (Line Drive, 9S, EV 105.6 MPH)
Tomas Espino to third
Pinch Hitting: LHB Jared Calderon 0-0: Foul Ball, location: 2F
0-1: Called Strike
0-2: Ball
1-2: Fly out, F8 (Flyball, 8RM, EV 82.5 MPH)
Top of the 9th over - 0 runs, 2 hits, 0 errors, 2 left on base; University of Florida 3 - University of Maine 10
Thursday, March 31st , 2022 - OOTP Baseball 22.12 Build 89